 Dungeon Crawl Stone Soup version 0.25.0-9-g26727b657a (webtiles) character file.

Game seed: 3265143750851903764

391 HoaS the Cudgeler (level 6, -2/40 HPs)
             Began as a Gargoyle Fighter on June 17, 2020.
             Killed from afar by an orc wizard (4 damage)
             ... with a puff of flame
             ... on level 4 of the Dungeon.
             The game lasted 00:07:43 (3402 turns).

HoaS the Cudgeler (Gargoyle Fighter)                Turns: 3402, Time: 00:07:44

Health: -2/40      AC: 14    Str: 21    XL:     6   Next: 80%
Magic:  6/6        EV:  5    Int:  9    God:
Gold:   163        SH:  0    Dex:  9    Spells: 5/5 levels left

rFire    . . .     SeeInvis .   a - +1 flail
rCold    . . .     Gourm    .   c - +1 kite shield
rNeg     + . .     Faith    .   h - +0 chain mail
rPois    ∞         Spirit   .   (no helmet)
rElec    +         Reflect  .   n - +0 cloak
rCorr    .         Harm     .   (no gloves)
MR       .....                  (no boots)
Stlth    ..........             (no amulet)
HPRegen  0.13/turn              o - ring of stealth
MPRegen  0.10/turn              (no ring)

@: confused, mighty, slowed, very slow
A: negative energy resistance 1, electricity resistance, unbreathing,
petrification resistance, rot immunity, AC +4
a: no special abilities


You were on level 4 of the Dungeon.
You were not hungry.

You visited 1 branch of the dungeon, and saw 4 of its levels.

You collected 163 gold pieces.

Inventory:

Hand Weapons
 a - a +1 flail (weapon)
Armour
 c - a +1 kite shield (worn)
 h - a +0 chain mail (worn)
 n - a +0 cloak (worn)
Jewellery
 o - a ring of stealth (left hand)
Scrolls
 i - a scroll of blinking
 k - 3 scrolls of teleportation
 l - 3 scrolls of remove curse
 q - a scroll of identify
Potions
 e - 2 potions of heal wounds
 g - a potion of lignification {unknown}
 j - a potion of cancellation {unknown}
 m - a potion of haste {unknown}
 p - a potion of curing {unknown}
Comestibles
 b - 5 chunks of flesh
 f - 4 rations


   Skills:
 + Level 4.8 Fighting
 * Level 5.1 Maces & Flails
 - Level 3.2 Armour
 + Level 4.9 Shields


You had 5 spell levels left.
You didn't know any spells.
Your spell library was empty.

Dungeon Overview and Level Annotations

Branches:
Dungeon (4/15)
 Temple: D:4-7

Altars:
Fedhas
Wu Jian


Innate Abilities, Weirdness & Mutations

You are resistant to torment.
Your stone body is resilient. (AC +4)
You are immune to poison.
You resist negative energy. (rN+)
You are resistant to electric shocks. (rElec)
You can survive without breathing.
You are immune to petrification.
You are immune to rotting.


Message History

* * * LOW HITPOINT WARNING * * *
The orc hits you but does no damage.
You sock the orc wizard!
You kill the orc wizard!
The adder bites you but does no damage. The orc hits you but does no damage.
You block the adder's attack.
You hear some strange, mumbled words.
You are confused.
The adder bites you but does no damage.
You hear some strange, mumbled words.
A puff of flame appears from out of thin air!
The puff of flame hits you.
* * * LOW HITPOINT WARNING * * *
You completely miss the adder.
The adder is moderately wounded.
The adder bites you but does no damage. The adder barely misses you.
You hear some strange, mumbled words.
A puff of flame appears from out of thin air!
The puff of flame hits you.
You die...

##############...........#####
#............#..(........#....
...#............#...........#....
...#............#...........#....
...###'#####'####...........#'###
....................######......#
....................#....)).....#
...............{)...'....#......#
..............oS@...#....#......#
...............o....######......#
.....############'####...........
.....#....... #......#...........
.....#....... #......#...........
.....'.o..... #......#...........
.....#....... #......#..<........
.....#+###### ########...........
..o... ......>...##'##


You could see an orc wizard, an adder and an orc.

Vanquished Creatures
  A phantom (D:4)
  A scorpion (D:4)
  An orc wizard (D:4)
  Terence (D:2)
  An iguana (D:4)
  A howler monkey skeleton (D:4)
  9 adders
  2 worms (D:3)
  A dart slug (D:3)
  A leopard gecko (D:4)
  6 orcs (D:4)
  9 bats
  4 giant cockroaches
  13 goblins
  3 hobgoblins
  2 quokkas (D:2)
  2 ball pythons (D:2)
  5 frilled lizards
  11 kobolds
  2 rats
76 creatures vanquished.

Notes
Turn   | Place    | Note
-------+----------+-------------------------------------------
     0 | D:1      | HoaS the Gargoyle Fighter began the quest for the Orb.
     0 | D:1      | Reached XP level 1. HP: 14/14 MP: 1/1
   349 | D:1      | Reached XP level 2. HP: 19/19 MP: 2/2
   847 | D:2      | Reached XP level 3. HP: 11/23 MP: 3/3
  1105 | D:2      | Reached skill level 3 in Maces & Flails
  1450 | D:2      | Noticed Terence
  1465 | D:2      | Killed Terence
  1465 | D:2      | Reached XP level 4. HP: 28/29 MP: 4/4
  1841 | D:2      | Found an ornate altar of the Wu Jian Council.
  2492 | D:3      | Reached XP level 5. HP: 27/33 MP: 5/5
  2728 | D:4      | Found a blossoming altar of Fedhas.
  2806 | D:4      | Reached skill level 4 in Maces & Flails
  2909 | D:4      | Reached XP level 6. HP: 36/39 MP: 6/6
  3329 | D:4      | Noticed a phantom
  3343 | D:4      | Killed a phantom
  3343 | D:4      | Reached skill level 5 in Maces & Flails
  3401 | D:4      | HP: 2/40 [something/puff of flame (6)]
  3402 | D:4      | Killed from afar by an orc wizard

Illustrated notes

Levels and vault maps discovered:
D:1:      lightli_arrival_farm, layout_basic, roderic_roman_lattice,
          chequers_garden
D:2:      layout_basic, marbit_many_paths, first_ration, uniq_terence
D:3:      layout_basic
D:4:      kennysheep_the_goblin_king, layout_gridville, fedhas_altar_2

Skill      XL: |  1  2  3  4  5  6 |
---------------+-------------------+-----
Maces & Flails | 3 4 5 |  5.1
Shields        | 4 |  4.9
Fighting       | 4 |  4.8
Armour         | |  3.2

Action                   |  1- 3 |  4- 6 || total
-------------------------+-------+-------++-------
Melee: Flail             |   150 |   215 ||   365
  Use: Scroll            |       |    11 ||    11
       Potion            |       |     1 ||     1
  Eat: Chunk             |     2 |     7 ||     9
Armor: Scale mail        |    87 |       ||    87
       Chain mail        |       |   187 ||   187
Dodge: Dodged            |    40 |    63 ||   103
Block: Kite shield       |    84 |   153 ||   237
